 Dungeon Crawl Stone Soup version 0.27.1-34-g3ba077fa99 (webtiles) character file.

Game seed: 13117075818005163226

5654 safid the Cleaver (level 10, -9/54 HPs)
             Began as a Hill Orc Fighter on Jan 12, 2022.
             Was a Follower of Beogh.
             Mangled by a thrashing horror (12 damage)
             ... on level 2 of the Abyss.
             The game lasted 00:22:05 (10360 turns).

safid the Cleaver (Hill Orc Fighter)               Turns: 10360, Time: 00:22:06

Health: -9/54      AC: 20    Str: 23    XL:     10   Next: 74%
Magic:  10/10      EV:  6    Int:  8    God:    Beogh [*.....]
Gold:   407        SH: 15    Dex: 10    Spells: 9/9 levels left

rFire    . . .     SeeInvis .   a - +0 war axe
rCold    . . .     Faith    .   I - +2 kite shield
rNeg     . . .     Spirit   .   c - +0 plate armour
rPois    +         Reflect  .   n - +0 helmet
rElec    .         Harm     .   G - +0 cloak
rCorr    .         Rampage  .   J - +1 pair of gloves
Will     .....     Rnd*Rage +   (no boots) Stlth ..........Rnd*Tele +
                                (no amulet)
HPRegen  0.18/turn              i - +4 ring of protection
MPRegen  0.12/turn              r - ring of poison resistance

@: unable to read
A: [berserk 2], [deterioration 2], [frail 3], [screaming 2], [teleportitis 2],
[subdued magic 2], [inability to read while threatened]
a: Renounce Religion


You were on level 2 of the Abyss.
You worshipped Beogh.
Beogh was aware of your devotion.
You visited 1 branch of the dungeon, and saw 9 of its levels.
You visited the Abyss 1 time.

You collected 407 gold pieces.

Inventory:

Hand Weapons
 a - a +0 war axe (weapon)
 B - the +3 dagger "Quniogu" {venom, rElec Int+4 Dex+2}
   (You found it on level 6 of the Dungeon)

   It poisons the flesh of those it strikes.
   Int:       It affects your intelligence (+4).
   Dex:       It affects your dexterity (+2).
   rElec:     It insulates you from electricity.
Missiles
 b - 7 silver javelins
 v - 19 poisoned darts (quivered)
 y - 7 curare-tipped darts
 H - a throwing net
Armour
 c - a +0 plate armour (worn)
 n - a +0 helmet (worn)
 G - a +0 cloak (worn)
 I - a +2 kite shield (worn)
 J - a +1 pair of gloves (worn)
Jewellery
 i - a +4 ring of protection (left hand)
 r - a ring of poison resistance (right hand)
Wands
 p - a wand of iceblast (13)
 q - a wand of polymorph (12)
 s - a wand of charming (5)
 x - a wand of flame (13)
 E - a wand of paralysis (12)
Scrolls
 e - a scroll of summoning {unknown}
 f - 2 scrolls of fear
 h - 2 scrolls of enchant weapon
 j - 2 scrolls of fog
 k - 3 scrolls of teleportation
 m - 3 scrolls of magic mapping
 t - 3 scrolls of blinking
 F - a scroll of immolation {unknown}
Potions
 d - a potion of might
 g - a potion of cancellation {unknown}
 l - 4 potions of curing
 o - a potion of berserk rage {unknown}
 u - 2 potions of resistance {unknown}
 w - a potion of magic {unknown}
 z - a potion of haste {unknown}
 A - 2 potions of lignification {unknown}
 C - 3 potions of flight {unknown}
 D - 2 potions of attraction {unknown}


   Skills:
 - Level 4.0 Fighting
 + Level 13.9 Axes
 - Level 4.0 Armour
 + Level 12.2 Shields


You had 9 spell levels left.
You didn't know any spells.
Your spell library contained the following spells:

 Spells                   Type           Power      Damage    Failure   Level
 Corona                   Hex            0%         N/A       100%        1
 Ensorcelled Hibernation  Hex/Ice        0%         N/A       100%        2
 Stone Arrow              Conj/Erth      0%         3d7       100%        3
 Tukima's Dance           Hex            0%         N/A       100%        3
 Animate Armour           Summ/Erth      0%         N/A       100%        4
 Lehudib's Crystal Spear  Conj/Erth      0%         10d2      100%        8


Dungeon Overview and Level Annotations

Branches:
Dungeon (9/15)             Temple (0/1) D:6
   Lair: D:8-11         Orc: D:9-12

Altars:
Cheibriados
Gozag
Hepliaklqana
Nemelex Xobeh
Xom

Annotations:
D:7 1 runed translucent door, Crazy Yiuf
D:9 Erolcha


Innate Abilities, Weirdness & Mutations

[You often lose your temper in combat.]
[Your body often deteriorates upon taking damage.]
[You are extremely frail. (-30% HP)]
[You frequently scream uncontrollably at your foes.]
[You are sometimes teleported next to monsters.]
[Your spells are easier to cast, but less powerful.]
[You sometimes lose the ability to read scrolls when taking damage.]


Message History

A starspawn tentacle comes into view.
You can't see any enemies this would affect, really read the scroll of fear?
Okay, then.
A starspawn tentacle comes into view.
The wretched star pulses with an eldritch light!
You lose the ability to read scrolls when threatened.
A tentacle flies out from the starspawn's body!
A starspawn tentacle comes into view.
You block the starspawn tentacle's attack.
The wretched star pulses with an eldritch light!
Your connection to magic feels subdued.
Your connection to magic feels more subdued.
Found a gateway leading deeper into the Abyss.
The wretched star pulses with an eldritch light!
You feel weirdly uncertain.
You feel even more weirdly uncertain.
Tentacles burst from the starspawn's body! 2 starspawn tentacles come into view.
The wretched star pulses with an eldritch light!
You feel frail. x2
There is a gateway leading deeper into the Abyss here.
You can't go up here!
You block the starspawn tentacle's attack.
The wretched star pulses with an eldritch light!
You feel frail.
You block the starspawn tentacle's attack.
You feel your health improve.
The thrashing horror roars!
A tentacle flies out from the starspawn's body!
A starspawn tentacle comes into view.
A small abomination comes into view.
You scream at the small abomination!
You hear a bellow!
You block the thrashing horror's attack.
The thrashing horror tramples you but does no damage.
A ynoxinul and a wretched star come into view.
The ynoxinul bellows!
The thrashing horror roars!
The ynoxinul gestures.
The thrashing horror tramples you!
You feel threatened and lose the ability to read scrolls!
You die...

.#. .#. ... ....3
#.. ...# #.. ...#
.. ##.# ##.## #.#
##...###...###...
.#.....#.....#...
.......@X.......
.#.....#.....#.
##...###...##
##.## ##*##
###*§.###...##
.#§....#.....#.. .
............. .
.#....*#......≈...
#..*###...≈####+


You could see 2 wretched stars, a thrashing horror and a ynoxinul.

Vanquished Creatures
  A tengu warrior (D:8)
  A tengu conjurer (D:9)
  An ancient zyme (Abyss:2)
  A troll (D:6)
  Prince Ribbit (D:7)
  A shadow (D:9)
  3 wyverns
  5 yaks
  A vampire (D:7)
  A steam dragon (D:6)
  A water moccasin (D:9)
  2 sky beasts
  3 orc warriors
  3 ogres
  A small abomination (Abyss:2)
  2 centaurs
  A phantom (D:5)
  Blork the orc (D:4)
  2 bullfrogs
  2 scorpions
  A killer bee (D:9)
  8 crimson imps (D:8)
  3 howler monkeys (D:9)
  A centaur zombie (D:5)
  A centaur skeleton (D:7)
  A jelly (D:5)
  A gnoll shaman (D:5)
  2 orc priests (D:7)
  4 hounds
  A bullfrog skeleton (D:5)
  2 iguanas
  A scorpion zombie (D:5)
  5 orc wizards
  A killer bee zombie (D:7)
  A gnoll (D:1)
  2 howler monkey skeletons
  3 adders
  A river rat (D:5)
  A shadow imp (D:6)
  3 white imps
  A worm (D:4)
  A dart slug (D:5)
  19 orcs
  10 ball pythons
  6 endoplasms
  4 giant cockroaches
  7 goblins
  4 hobgoblins
  A quokka (D:1)
  5 bats
  2 frilled lizards
  17 kobolds
  7 rats
161 creatures vanquished.

Vanquished Creatures (others)
  An orc priest (D:6)
  An orc wizard (D:9)
  5 fungi (D:9)
  8 starspawn tentacles (Abyss:2)
  4 toadstools (D:9)
19 creatures vanquished.

Grand Total: 180 creatures vanquished

Notes
Turn   | Place    | Note
-------+----------+-------------------------------------------
     0 | D:1      | safid the Hill Orc Fighter began the quest for the Orb.
     0 | D:1      | Reached XP level 1. HP: 19/19 MP: 1/1
   202 | D:1      | Reached skill level 3 in Axes
   202 | D:1      | Reached XP level 2. HP: 22/27 MP: 2/2
   457 | D:1      | Reached XP level 3. HP: 30/33 MP: 3/3
  1109 | D:2      | You fall into a shaft and drop 2 floors!
  1206 | D:4      | Reached XP level 4. HP: 37/40 MP: 4/4
  1208 | D:4      | Reached skill level 4 in Axes
  1283 | D:4      | Noticed Blork the orc
  1883 | D:2      | Found a faded altar of an unknown god.
  2844 | D:4      | Reached XP level 5. HP: 40/46 MP: 5/5
  2960 | D:4      | Killed Blork the orc
  2961 | D:4      | Reached skill level 5 in Axes
  3050 | D:4      | Reached skill level 5 in Shields
  3050 | D:4      | Reached XP level 6. HP: 42/52 MP: 6/6
  3206 | D:4      | Found a sparkling altar of Nemelex Xobeh.
  3431 | D:5      | Entered Level 5 of the Dungeon
  3448 | D:5      | Reached skill level 6 in Axes
  3731 | D:5      | Reached XP level 7. HP: 46/59 MP: 7/7
  3772 | D:5      | Found a snail-covered altar of Cheibriados.
  3842 | D:5      | Reached skill level 7 in Axes
  4000 | D:5      | Found a hazy altar of Hepliaklqana.
  4185 | D:5      | Reached skill level 8 in Axes
  4185 | D:5      | Reached XP level 8. HP: 46/66 MP: 8/8
  4913 | D:6      | Became a worshipper of Beogh the Brigand
  4928 | D:6      | Reached skill level 9 in Axes
  5226 | D:6      | Found a staircase to the Ecumenical Temple.
  5226 | D:6      | Noticed a troll
  5235 | D:6      | Killed a troll
  5574 | D:6      | Identified the +3 dagger "Quniogu" {venom, rElec Int+4
                  | Dex+2}
  5843 | D:7      | Found an opulent altar of Gozag.
  5898 | D:7      | Reached skill level 10 in Axes
  6100 | D:7      | Noticed a vampire
  6195 | D:7      | Reached XP level 9. HP: 69/71 MP: 9/9
  6449 | D:7      | Noticed Prince Ribbit
  6470 | D:7      | Killed Prince Ribbit
  6707 | D:7      | Found a runed translucent door.
  6709 | D:7      | Noticed Crazy Yiuf
  6785 | D:7      | Reached skill level 11 in Axes
  7138 | D:7      | Reached skill level 10 in Shields
  7812 | D:7      | Reached skill level 12 in Axes
  7995 | D:7      | Reached XP level 10. HP: 59/78 MP: 10/10
  8250 | D:8      | Found a shimmering altar of Xom.
  8346 | D:8      | Reached * piety under Beogh
  8767 | D:9      | Reached skill level 13 in Axes
  8970 | D:9      | Noticed a tengu warrior
  9015 | D:8      | HP: 3/78 [tengu warrior (8)]
  9018 | D:8      | Killed a tengu warrior
 10204 | D:9      | Noticed Erolcha
 10228 | D:9      | Cast into level 2 of the Abyss (Erolcha)
 10299 | Abyss:2  | HP: 2/78 [small abomination (4)]
 10309 | Abyss:2  | Noticed a wretched star
 10326 | Abyss:2  | Noticed a tentacled starspawn
 10357 | Abyss:2  | Noticed a thrashing horror
 10360 | Abyss:2  | Noticed a wretched star
 10360 | Abyss:2  | Mangled by a thrashing horror

Illustrated notes

Levels and vault maps discovered:
D:1:      psy_arrival_radial02, layout_loops_ring
D:2:      layout_basic, shapermc_ecumenical_altar_pompeii, minmay_statues_item
D:3:      layout_basic
D:4:      layout_basic, nemelex_diamond_rough_becter, uniq_blork_the_orc
D:5:      wad_crossroads, layout_basic, kennysheep_slug_shrine,
          nzn_hepliaklqana_mist_gate, portal_sewer_entry_e
D:6:      layout_basic, minmay_temple_entry_sparse_star
D:7:      layout_gridville, grunt_gozag_breadcrumbs, uniq_crazy_yiuf_cottage,
          uniq_prince_ribbit1
D:8:      layout_rooms, marbit_many_paths, minmay_nine_imps
D:9:      cheibrodos_ideogram_h, layout_loops_ring, grunt_ogre_cave,
          minmay_gold_behind_fungi, uniq_erolcha
Abyss:2:  base: D:2, minivault_27, hangedman_abyss_overflow_altar,
          hangedman_abyss_overflow_altar

Skill      XL: |  1  2  3  4  5  6  7  8  9 10 |
---------------+-------------------------------+-----
Axes           | 3 4 5 6 8 10 12 13 | 13.9
Fighting       | 4 |  4.0
Armour         | 4 |  4.0
Shields        | 4 5 6 7 9 10 12 | 12.2

Action                   |  1- 3 |  4- 6 |  7- 9 | 10-12 || total
-------------------------+-------+-------+-------+-------++-------
Melee: War axe           |   111 |   183 |   275 |   215 ||   784
Throw: Dart              |       |       |     2 |       ||     2
Invok: Convert to Beogh  |       |       |     1 |       ||     1
Evoke: Wand              |       |       |     5 |       ||     5
  Use: Scroll            |       |       |     8 |     1 ||     9
       Potion            |       |       |     1 |     5 ||     6
Armor: Scale mail        |    64 |    93 |   116 |    72 ||   345
       Plate armour      |       |       |       |    24 ||    24
Dodge: Dodged            |    44 |    52 |    88 |    55 ||   239
Block: Kite shield       |    71 |    93 |   165 |   167 ||   496
